 Dungeon Crawl Stone Soup version 0.30-a0-305-g026cb31310 (webtiles) character file.

Game seed: 10271014998185236062

15876 MrRokkomies the Prestidigitator (level 12, -10/124 HPs)
             Began as an Armataur Brigand on Oct 21, 2022.
             Was a Believer of Uskayaw.
             Mangled by a bog body (21 damage)
             ... on level 2 of the Lair of Beasts.
             The game lasted 00:38:37 (15119 turns).

MrRokkomies the Prestidigitator (Armataur Brigand) Turns: 15119, Time: 00:38:37

Health: -10/124    AC: 11    Str: 18    XL:     12   Next: 5%
Magic:  0/15       EV: 10    Int: 12    God:    Uskayaw [**....]
Gold:   592        SH:  0    Dex: 15    Spells: 11/11 levels left

rFire   + . .      SeeInvis .    a - +3 dagger (venom)
rCold   . . .      Faith    .    (no shield)
rNeg    . . .      Spirit   +    G - +0 acid dragon scales
rPois   .          Reflect  .    (no helmet)
rElec   .          Harm     .    c - +1 cloak
rCorr   +          Roll     +    B - +0 pair of gloves
Will    +....                    (no barding)
Stlth   +++.......               w - amulet of guardian spirit
HPRegen 0.40/turn                n - ring of willpower
MPRegen 0.14/turn                P - ring of protection from fire

@: slowed, studying Evocations, very slow
A: large, rugged brown scales 3, deformed body, armoured tail, roll, long
tongue, awkward tongue, stinger 1, talons 1, low MP 1, robust 1, screaming 1,
shaggy fur 1
a: Renounce Religion, Stomp, Line Pass


You were on level 2 of the Lair of Beasts.
You worshipped Uskayaw.
Uskayaw was noncommittal.
You visited 2 branches of the dungeon, and saw 11 of its levels.

You collected 826 gold pieces.
You spent 234 gold pieces at shops.

Inventory:

Hand Weapons
 a - a +3 dagger of venom (weapon)
 m - a +0 rapier
 M - the +9 falchion "Biust" {freeze, rCorr Int+3 Dex+5}
   (You found it on level 1 of the Lair of Beasts)

   It freezes those it strikes, dealing additional cold damage.
   It can also slow down cold-blooded creatures.
   Int:       It affects your intelligence (+3).
   Dex:       It affects your dexterity (+5).
   rCorr:     It protects you from acid and corrosion.
Missiles
 d - 32 poisoned darts
 e - 3 curare-tipped darts
 p - 14 boomerangs (quivered)
 I - 2 javelins
Armour
 c - a +1 cloak (worn)
 B - a +0 pair of gloves (worn)
 E - +0 steam dragon scales
 G - +0 acid dragon scales (worn)
Jewellery
 n - a ring of willpower (left hand)
 w - an amulet of guardian spirit (around neck)
 z - a ring of resist corrosion
 K - a ring of fire
 N - a ring of magical power
 P - a ring of protection from fire (right hand)
Wands
 q - a wand of roots (13)
 u - a wand of charming (7)
 D - a wand of digging (2)
 F - a wand of mindburst (7)
 L - a wand of flame (7)
Scrolls
 b - 3 scrolls of identify
 i - a scroll of enchant weapon
 s - 2 scrolls of poison
 y - a scroll of magic mapping
 A - a scroll of immolation
 H - 3 scrolls of teleportation
 J - a scroll of blinking
Potions
 f - 3 potions of lignification
 g - 3 potions of mutation
 h - a potion of might
 j - 7 potions of curing
 k - 2 potions of resistance
 l - 4 potions of haste
 o - a potion of heal wounds
 r - a potion of brilliance {unknown}
 t - 2 potions of flight
 v - a potion of invisibility
 x - a potion of berserk rage
 C - a potion of magic {unknown}
Miscellaneous
 O - a phial of floods


   Skills:
 + Level 9.7 Fighting
 + Level 9.7 Short Blades
 + Level 7.1 Throwing
 * Level 3.7 Armour
 * Level 2.4 Dodging
 - Level 5.4 Stealth
 + Level 6.7 Invocations
 + Level 9.9 Evocations


You had 11 spell levels left.
You didn't know any spells.
Your spell library contained the following spells:

 Spells                   Type           Power      Damage    Failure   Level
 Beastly Appendage        Tmut           0%         N/A       41%         1
 Slow                     Hex            0%         N/A       41%         1
 Summon Small Mammal      Summ           0%         N/A       41%         1
 Wereblood                Tmut           0%         N/A       54%         2
 Call Canine Familiar     Summ           0%         N/A       78%         3
 Confusing Touch          Hex            0%         N/A       78%         3
 Dazzling Flash           Conj/Hex       0%         N/A       78%         3
 Ozocubu's Armour         Ice            0%         N/A       78%         3
 Portal Projectile        Hex/Tloc       0%         N/A       78%         3
 Spider Form              Tmut/Pois      0%         N/A       78%         3
 Summon Guardian Golem    Hex/Summ       0%         N/A       78%         3
 Tukima's Dance           Hex            0%         N/A       78%         3
 Vampiric Draining        Necr           0%         2d6       78%         3
 Agony                    Necr           0%         N/A       100%        5
 Blade Hands              Tmut           0%         N/A       100%        5
 Metabolic Englaciation   Hex/Ice        0%         N/A       100%        5
 Silence                  Hex/Air        0%         N/A       100%        5
 Summon Forest            Summ/Tloc      0%         N/A       100%        5
 Summon Mana Viper        Hex/Summ       0%         N/A       100%        5
 Simulacrum               Ice/Necr       0%         N/A       100%        6
 Summon Cactus Giant      Summ           0%         N/A       100%        6


Dungeon Overview and Level Annotations

Branches:
Dungeon (9/15)             Temple (0/1) D:6            Lair (2/5) D:8
  Snake (0/4) Lair:2          Orc (0/2) D:9
  Swamp: Lair:2-3    Shoals: Lair:2-3

Altars:
Fedhas
Nemelex Xobeh
Okawaru
Sif Muna
Uskayaw
Xom
Jiyva

Shops:
D:4 *   D:6 !

Annotations:
D:5 2 transporters, 3 runed translucent doors, voshxx's ghost, novice DESu
D:8 3 runed translucent doors, Aibolit's ghost, novice HOFi
D:9 3 runed translucent doors, Smoky173's ghost, journeyman MfVM


Innate Abilities, Weirdness & Mutations

You are completely covered in rugged brown scales. (AC +3, +7% HP)
Armour fits poorly on your strangely shaped body.
You have a long armoured tail.
You roll when moving toward enemies. (Rampage)
Your long tongue fully drains potion bottles. (2x potion effects)
Your tongue gives you trouble enunciating. (1.5x scroll delay)
Your tail ends in a venomous barb.
You have sharp toenails.
Your magical capacity is low. (-10% MP)
You are robust. (+10% HP)
You occasionally shout uncontrollably at your foes.
You are covered in fur. (AC +1)


Message History

The swamp worm looks as sick as possible!
You claw the swamp worm, but do no damage.
You tail-slap the swamp worm.
The swamp worm is severely wounded.
The swamp worm bites you.
You closely miss the swamp worm. You claw the swamp worm.
You tail-slap the swamp worm.
The swamp worm is almost dead.
The bog body gestures at you while chanting.
You feel yourself slow down.
You hit the swamp worm but do no damage.
The swamp worm looks as sick as possible!
Your kick misses the swamp worm.
You tail-slap the swamp worm, but do no damage.
The swamp worm is almost dead.
The swamp worm bites you!!
The bog body gestures at you while chanting.
The bolt of cold hits you!!
You hit the bog body.
You claw the bog body, but do no damage.
The bog body is lightly damaged.
The swamp worm bites you but does no damage.
You hit the bog body. You claw the bog body.
The bog body is moderately damaged.
The bog body gestures at you while chanting.
The bolt of cold hits you!!
* * * LOW HITPOINT WARNING * * *
The swamp worm bites you!
* * * LOW HITPOINT WARNING * * *
You slurp down every last drop of the 2 potions of heal wounds!
You feel much better.
You kill the swamp worm!
The bog body points at you and mumbles some strange words.
The bolt of cold hits you!!
* * * LOW HITPOINT WARNING * * *
The bog body touches you!
* * * LOW HITPOINT WARNING * * *
The bog body freezes you!!
You die...
Xom snickers!

#≈≈≈~.~.....#P# #..............
≈≈≈≈≈~≈≈......###.........>....
#~≈≈~≈≈~≈~~.P.P................
#.≈~P.≈≈≈≈.....................
#....P.~~P...#.......77777777..
...#.....#.....777777


777 ............777~≈~~~ ##........⌠.n...7.. #......#..⌠@.......
##.........777~≈≈~≈ #............7 777 77 ##...P##.###..... 7. #...##### ...#.
#. #...# .## #. #...# ## ...#. #...# ..... #...# ..... You could see a bog body.

Vanquished Creatures
  A two-headed ogre (D:7)
  2 oklob plants (Lair:1)
  A torpor snail (Lair:2)
  Joseph (D:7)
  4 cane toads
  Maggie (D:7)
  2 komodo dragons
  A troll (D:9)
  6 blink frogs
  A wraith (D:9)
  20 yaks
  3 basilisks
  2 vampire mosquitoes (D:8)
  Menkaure (D:7)
  A swamp worm (Lair:2)
  3 nagas (Lair:2)
  An acid dragon (D:9)
  5 water moccasins
  9 orc warriors
  2 sky beasts
  3 black bears
  An ice beast (D:7)
  4 ogres
  3 centaurs
  A kobold brigand (D:8)
  5 bullfrogs
  A gnoll sergeant (D:9)
  3 scorpions (D:5)
  3 wights (D:8)
  10 killer bees
  A howler monkey (D:8)
  3 electric eels (Lair:1)
  2 hounds (D:5)
  3 jellies
  10 orc priests
  A gnoll bouda (D:9)
  5 iguanas
  17 orc wizards
  7 gnolls (D:9)
  8 adders
  2 river rats (Lair:2)
  2 shadow imps
  A white imp (D:6)
  An ufetubus (D:5)
  3 worms
  3 dart slugs
  59 orcs
  7 ball pythons
  A bat (D:3)
  5 endoplasms
  8 giant cockroaches
  8 goblins
  3 hobgoblins
  3 jackals (D:1)
  12 kobolds
  8 quokkas
  5 rats
289 creatures vanquished.

Vanquished Creatures (collateral kills)
  Gastronok (Lair:1)
  2 centaurs (D:8)
  An orc priest (D:6)
4 creatures vanquished.

Vanquished Creatures (others)
  3 centaurs (D:8)
  31 fungi
  25 plants
59 creatures vanquished.

Grand Total: 352 creatures vanquished

Notes
Turn   | Place    | Note
-------+----------+-------------------------------------------
     0 | D:1      | MrRokkomies the Armataur Brigand began the quest for the
                  | Orb.
     0 | D:1      | Reached XP level 1. HP: 18/18 MP: 1/1
   103 | D:1      | Reached XP level 2. HP: 14/25 MP: 2/2
   700 | D:1      | Reached XP level 3. HP: 32/32 MP: 3/3
   964 | D:2      | Identified a scroll of acquirement
   964 | D:2      | Acquired a manual of Evocations
  1492 | D:2      | Reached XP level 4. HP: 39/39 MP: 4/4
  2060 | D:3      | Noticed an ogre
  2094 | D:3      | Killed an ogre
  2095 | D:3      | Reached skill level 5 in Stealth
  2095 | D:3      | Reached XP level 5. HP: 26/48 MP: 5/5
  2458 | D:3      | Found a faded altar of an unknown god.
  2465 | D:3      | Prayed at the altar of an unknown god.
  2465 | D:3      | Became a worshipper of Xom the Chaotic
  2520 | D:3      | XOM: divination: detect creatures
  2604 | D:4      | XOM: noise
  2608 | D:4      | XOM: silly message
  2612 | D:4      | Noticed an ogre
  2625 | D:4      | Killed an ogre
  2626 | D:4      | Reached XP level 6. HP: 40/55 MP: 6/6
  2752 | D:4      | XOM: silly message
  2824 | D:4      | Found Wovut's Overcharged Wands.
  2928 | D:4      | XOM is BORED!
  2928 | D:4      | XOM: silly message
  2944 | D:4      | Found a hide-covered altar of Uskayaw.
  2945 | D:4      | Found a shimmering blue altar of Sif Muna.
  2953 | D:4      | Fell from the grace of Xom
  2953 | D:4      | Became a worshipper of Uskayaw the Reveller
  3066 | D:5      | Entered Level 5 of the Dungeon
  3080 | D:5      | Reached * piety under Uskayaw
  3089 | D:5      | Reached ** piety under Uskayaw
  3090 | D:5      | Reached skill level 1 in Evocations
  3155 | D:5      | Found a transporter.
  3179 | D:5      | Reached XP level 7. HP: 63/63 MP: 7/7
  3570 | D:5      | Reached skill level 1 in Invocations
  3839 | D:5      | Found a transporter.
  4059 | D:5      | Found a runed translucent gate.
  4060 | D:5      | Found a runed translucent gate.
  4060 | D:5      | Identified the +6 scale mail of Gallantry {rElec rC+ Will+}
  4061 | D:5      | Found a runed translucent gate.
  4062 | D:5      | Noticed voshxx's ghost (novice DESu)
  4091 | D:5      | XOM: give mutation
  4091 | D:5      | Gained mutation: You are weak. (Str -2) [Xom's mischief]
  4574 | D:6      | Found Quewnef's Distillery.
  4579 | D:6      | Bought a potion of invisibility for 104 gold pieces
  4579 | D:6      | Bought a potion of berserk rage for 65 gold pieces
  4579 | D:6      | Bought a potion of heal wounds for 65 gold pieces
  4849 | D:6      | Found a staircase to the Ecumenical Temple.
  5055 | D:6      | XOM: torment (35/64 hp)
  5395 | D:6      | Reached skill level 5 in Fighting
  5395 | D:6      | Reached skill level 5 in Short Blades
  5395 | D:6      | Reached XP level 8. HP: 47/72 MP: 6/9
  5442 | D:6      | XOM: draining
  5517 | D:6      | XOM: summons friendly ufetubus
  5648 | D:6      | XOM: give mutation
  5648 | D:6      | Gained mutation: You are covered in fur. (AC +1) [Xom's
                  | mischief]
  5691 | D:6      | XOM: summons 3 hostile shadow creatures
  5702 | D:6      | Reached *** piety under Uskayaw
  5704 | D:6      | Reached **** piety under Uskayaw
  6080 | D:6      | Found an iron altar of Okawaru.
  6087 | D:6      | Found a sparkling altar of Nemelex Xobeh.
  6488 | D:7      | Noticed a two-headed ogre
  6495 | D:7      | Killed a two-headed ogre
  6496 | D:7      | Reached skill level 5 in Evocations
  6496 | D:7      | Reached XP level 9. HP: 80/80 MP: 9/11
  7002 | D:7      | Noticed Joseph
  7031 | D:7      | Killed Joseph
  7338 | D:7      | Noticed Menkaure
  7350 | D:7      | Killed Menkaure
  7614 | D:7      | Noticed Maggie
  7621 | D:7      | Killed Maggie
  7622 | D:7      | Reached skill level 5 in Throwing
  8334 | D:8      | Reached XP level 10. HP: 24/92 MP: 3/13
  8505 | D:8      | XOM: give mutation
  8505 | D:8      | Gained mutation: Your tail ends in a venomous barb. [Xom's
                  | grace]
  8778 | D:8      | XOM: give mutations
  8778 | D:8      | Gained mutation: You have sharp toenails. [Xom's mischief]
  8778 | D:8      | Gained mutation: You are partially covered in iridescent
                  | scales. (AC +2) [Xom's mischief]
  8778 | D:8      | Gained mutation: Your magical capacity is low. (-10% MP)
                  | [Xom's mischief]
  8778 | D:8      | Lost mutation: You are partially covered in iridescent
                  | scales. (AC +2) [Xom's mischief]
  8836 | D:8      | XOM: blink monster(s)
  8851 | D:8      | Reached ***** piety under Uskayaw
  8862 | D:8      | Reached ****** piety under Uskayaw
  9112 | D:8      | Found a runed translucent gate.
  9112 | D:8      | Found a runed translucent gate.
  9113 | D:8      | Found a runed translucent gate.
  9117 | D:8      | Noticed Aibolit's ghost (novice HOFi)
  9370 | D:8      | XOM: give mutations
  9370 | D:8      | Gained mutation: You occasionally shout uncontrollably at
                  | your foes. [Xom's mischief]
  9370 | D:8      | Lost mutation: You are weak. (Str -2) [Xom's mischief]
  9974 | D:8      | Reached skill level 5 in Invocations
 10257 | D:8      | Found a staircase to the Lair.
 10513 | D:8      | Found a viscous altar of Jiyva.
 10648 | D:9      | XOM: 4-stop teleportation journey
 11119 | D:9      | Reached XP level 11. HP: 48/101 MP: 7/13
 11297 | D:9      | Found a runed translucent gate.
 11297 | D:9      | Found a runed translucent gate.
 11297 | D:9      | Found a runed translucent gate.
 11298 | D:9      | Noticed Smoky173's ghost (journeyman MfVM)
 11612 | D:9      | XOM: enchant monster (bad)
 11687 | D:9      | XOM: stat loss: -2 Str (15/17)
 11792 | D:9      | XOM: confusion
 11987 | D:9      | Found a staircase to the Orcish Mines.
 12090 | D:9      | XOM: give mutation
 12090 | D:9      | Gained mutation: You are robust. (+10% HP) [Xom's grace]
 12445 | Lair:1   | Entered Level 1 of the Lair of Beasts
 12470 | Lair:1   | XOM: summons 10 hostile demons
 12598 | Lair:1   | XOM: god gift: staff of earth
 12638 | Lair:1   | Found a blossoming altar of Fedhas.
 12641 | Lair:1   | Noticed an oklob plant
 12642 | Lair:1   | Noticed an oklob plant
 12644 | Lair:1   | Killed an oklob plant
 12650 | Lair:1   | Killed an oklob plant
 12921 | Lair:1   | XOM: stat loss: -3 Dex (12/15)
 13400 | Lair:1   | XOM: summons 3 hostile demons
 13400 | Lair:1   | Was forgiven by Xom
 13713 | Lair:1   | You fall into a shaft and drop 1 floor!
 13713 | Lair:2   | Noticed an eight-headed hydra
 13767 | Lair:2   | Reached skill level 1 in Dodging
 13915 | Lair:2   | Reached skill level 1 in Armour
 14167 | Lair:2   | Found a staircase to the Snake Pit.
 14439 | Lair:1   | Noticed Gastronok
 14457 | Lair:1   | Killed Gastronok
 14549 | Lair:1   | Reached XP level 12. HP: 107/124 MP: 13/15
 14716 | Lair:1   | Identified the +9 falchion "Biust" {freeze, rCorr Int+3
                  | Dex+5}
 15119 | Lair:2   | Mangled by a bog body

Illustrated notes

Levels and vault maps discovered:
D:1:      heliophobic_arrival_ceremonial_halls, layout_loops_corners
D:2:      minmay_chambers_of_ones, layout_basic
D:3:      layout_rooms, shapermc_ecumenical_altar_pompeii
D:4:      layout_rooms, gammafunk_temple_overflow_pools,
          nicolae_shop_overcharged_wands
D:5:      gammafunk_cloud_chamber, layout_basic, biasface_ghost_orc_armoury,
          chequers_serial_rivers_micro_b
D:6:      layout_layer_cave, amethyst_overflow_temple_binary,
          minmay_temple_entry_gardened_gates, serial_shops, kennysheep_mini,
          gup_sewer_entry_bowl
D:7:      layout_basic, corner_web_ring, hangedman_decor_slide_cut, uniq_joseph,
          uniq_menkaure, uniq_maggie
D:8:      layout_loops_ring, grunt_lair_entry_orc_guard_hut,
          gammafunk_ghost_ooze, minivault_10, chequers_decorated_corner,
          grunt_ministairs_12, centaur_isle
D:9:      layout_irregular_city, erik_orc_2, gammafunk_ghost_spectres
Lair:1:   layout_cave_pods, chequers_serial_rivers_large_b,
          hangedman_tree_tricks, serial_bayou_pond_c, serial_bayou_lagoon_b,
          serial_bayou_shore_b, uniq_gastronok
Lair:2:   layout_chaotic_city, nicolae_swamp_entry_splash_gauntlet,
          minmay_snake_entry_guardpost_small, pond

Skill      XL: |  1  2  3  4  5  6  7  8  9 10 11 |
---------------+----------------------------------+-----
Fighting       | 2 3 4 5 6 7 8 9 |  9.7
Short Blades   | 2 3 4 5 6 7 8 9 |  9.7
Throwing       | 2 3 4 5 6 7 |  7.1
Stealth        | 5 |  5.4
Evocations     | 1 3 5 6 8 9 |  9.9
Invocations    | 2 3 4 5 6 |  6.7
Dodging        | 2 |  2.4
Armour         | 3 |  3.7

Action                   |  1- 3 |  4- 6 |  7- 9 | 10-12 || total
-------------------------+-------+-------+-------+-------++-------
Melee: Dagger            |    98 |   134 |   310 |   635 ||  1177
       Tailslap          |    11 |    13 |    54 |   120 ||   198
       Punch             |     1 |     3 |     4 |    12 ||    20
       Kick              |       |       |       |   229 ||   229
Throw: Dart              |       |     3 |       |       ||     3
       Boomerang         |       |       |    11 |    77 ||    88
Invok: Stomp             |       |       |       |     2 ||     2
Evoke: Wand              |       |       |    10 |     8 ||    18
  Use: Scroll            |     6 |     7 |     5 |     6 ||    24
       Potion            |       |       |     3 |     9 ||    12
 Stab: Sleeping          |     9 |    13 |    19 |     5 ||    46
       Distracted        |       |       |     1 |     2 ||     3
       Paralysed         |       |       |     4 |    29 ||    33
       Betrayed ally     |       |       |       |     1 ||     1
Armor: Robe              |    33 |    35 |    81 |       ||   149
       Steam dragon scal |       |       |     6 |    65 ||    71
       Acid dragon scale |       |       |       |    64 ||    64
Dodge: Dodged            |    45 |    36 |    98 |   182 ||   361

Table legend: (Time is in decaauts)
 A = Elapsed time spent in this place.
 B = Non-inter-level travel time spent in this place.
 C = Inter-level travel time spent in this place.
 D = Time resting spent in this place.
 E = Time spent auto-exploring this place.
 F = Levels seen in this place.
 G = Mean time per level.
                   A        B        C        D        E       F      G
               +--------+--------+--------+--------+--------+-----+--------+
         Total |  14826 |  14451 |    375 |   1733 |  10525 |  11 | 1347.8 |
       Dungeon |  12213 |  11877 |    336 |   1460 |   8648 |   9 | 1357.0 |
          Lair |   2613 |   2574 |     39 |    273 |   1877 |   2 | 1306.5 |
               +--------+--------+--------+--------+--------+-----+--------+

Top non-repeatable levels by time:
     D:8: 2316 daAuts
     D:6: 2083 daAuts
     D:7: 1890 daAuts
  Lair:1: 1882 daAuts
     D:9: 1735 daAuts
     D:5: 1043 daAuts
     D:2: 1030 daAuts
     D:1: 956 daAuts
  Lair:2: 730 daAuts
     D:3: 600 daAuts
     D:4: 557 daAuts
